Map: [TLMC14] Blackburn

Players

Cure

  • Race: Terran Terran

Scarlett - Winner!

  • Race: Zerg Zerg

Event: DreamHack SC2 Masters 2021 Winter

VOD

Have the link to the VOD?

Description

Time

  • Played on: Nov. 9, 2021, 9:49 a.m.
  • Length: 21:00

All games in this series

Show
View Real Time Build Order
Export as new Build Order

Cure Terran 

Build Orders: Reaper Expand 

Get SALT Encoding   

  12  0:00  SCV  
  13  0:12  SCV  
  14  0:17  Supply Depot  
  14  0:24  SCV  
  15  0:38  SCV  
  15  0:42  Barracks  
  16  0:44  Refinery  
  16  0:50  SCV  
  17  1:03  SCV  
  18  1:15  SCV  
  19  1:29  Reaper, Orbital Command  
  20  1:41  Command Center  
  20  1:51  Supply Depot  
  20  1:55  SCV  
  21  2:01  Marine  
  21  2:07  SCV  
  23  2:16  Factory  
  23  2:19  SCV  
  23  2:21  Barracks Reactor  
  24  2:31  SCV  
  25  2:41  Command Center  
  25  2:44  SCV  
  26  2:52  Orbital Command  
  26  2:56  SCV  
  27  3:03  Starport  
  27  3:07  Refinery  
  27  3:08  SCV  
  28  3:17  Hellion x2  
  28  3:18  Marine  
  33  3:20  SCV  
  33  3:22  SCV  
  35  3:33  SCV  
  36  3:35  SCV  
  36  3:39  Viking  
  39  3:42  Barracks Tech Lab  
  39  3:45  Hellion x2  
  39  3:47  SCV x2  
  45  3:55  Orbital Command  
  45  4:00  Supply Depot, SCV x2  
  47  4:09  Liberator  
  50  4:12  Hellion x2  
  50  4:16  Marine  
  55  4:17  SCV x2  
  57  4:25  Stimpack  
  57  4:29  SCV x2  
  57  4:30  Supply Depot  
  59  4:34  Marine  
  59  4:35  Hellion x2, Orbital Command  
  64  4:40  Supply Depot  
  64  4:41  SCV x2  
  66  4:53  SCV x2  
  66  4:55  Marine  
  69  5:01  Refinery, Barracks  
  69  5:02  SCV, Refinery, Barracks  
  69  5:04  Factory Reactor  
  69  5:05  SCV x2  
  69  5:06  Starport Reactor  
  72  5:08  Supply Depot  
  72  5:12  Engineering Bay  
  72  5:13  Engineering Bay  
  72  5:15  SCV  
  72  5:18  SCV x2, Marine  
  76  5:27  SCV  
  77  5:30  SCV x2  
  79  5:39  SCV  
  79  5:42  SCV x2, Marine  
  81  5:45  Terran Infantry Weapons Level 1, Terran Infantry Armor Level 1  
  81  5:48  Factory Reactor  
  81  5:50  Marine  
  81  5:51  Marine  
  81  5:55  Barracks  
  81  5:56  Medivac x2, Barracks  
  84  5:58  SCV x3  
  84  6:00  Marine  
  84  6:01  Marine  
  84  6:02  Marine  
  90  6:06  Supply Depot  
  90  6:08  Marine  
  91  6:12  Supply Depot  
  91  6:15  Marine  
  91  6:17  Supply Depot  
  91  6:18  Marine  
  93  6:19  Combat Shield  
  93  6:27  SCV x3, Marine x2  
  98  6:34  Widow Mine x2, Medivac x2  
  98  6:39  Supply Depot  
  106  6:46  Barracks Reactor x2, Marine x5  
  111  6:49  SCV  
  111  6:50  SCV, Armory  
  111  6:52  SCV  
  114  7:01  Supply Depot  
  114  7:02  Supply Depot  
  114  7:06  SCV x2  
  114  7:07  SCV  
  117  7:13  Marine x4  
  117  7:14  Marine  
  122  7:19  SCV x3  
  125  7:23  Factory  
  125  7:26  Supply Depot  
  125  7:31  SCV x3  
  125  7:35  Widow Mine x2, Medivac x2  
  136  7:37  Refinery  
  136  7:38  Refinery  
  136  7:39  Command Center  
  136  7:42  Marine x5  
  141  7:47  Marine x3  
  141  7:48  Terran Infantry Weapons Level 2  
  144  7:53  Terran Infantry Armor Level 2  
  144  7:56  SCV x3  
  147  8:02  Supply Depot, Marine x2  
  147  8:04  Supply Depot  
  149  8:16  Missile Turret  
  149  8:18  Missile Turret x2  
  149  8:23  Marine x5  
  149  8:24  Widow Mine x2, Factory Tech Lab  
  149  8:25  Marine  
  158  8:33  SCV x3  
  154  8:42  Drilling Claws, Thor  
  154  8:45  Supply Depot x2, Terran Vehicle And Ship Armor Level 1  
  154  8:46  SCV x3  
  163  8:50  Missile Turret  
  163  8:51  Missile Turret, Sensor Tower  
  163  8:54  Missile Turret  
  163  8:59  SCV x3  
  166  9:09  Missile Turret  
  166  9:11  Barracks  
  166  9:12  Barracks  
  166  9:13  Missile Turret, Barracks  
  168  9:17  Marauder, Concussive Shells  
  168  9:31  Thor  
  168  9:32  Widow Mine x2  
  168  9:34  Planetary Fortress  
  168  9:37  Marine x4  
  184  9:38  Marauder  
  184  9:49  Marine x4  
  184  9:50  Medivac x2  
  193  10:00  Marauder  
  193  10:03  Marine x3  
  193  10:04  Marine  
  170  10:10  Marine x4  
  170  10:12  Barracks Tech Lab x2  
  170  10:13  Barracks Tech Lab  
  156  10:16  Widow Mine x2, Thor  
  156  10:19  Terran Infantry Weapons Level 3, Terran Infantry Armor Level 3  
  166  10:21  Marauder  
  166  10:26  Command Center  
  166  10:33  Marauder x3  
  166  10:34  Missile Turret  
  172  10:36  Missile Turret, Marine x3  
  177  10:42  Marauder  
  177  10:49  Widow Mine x2  
  181  10:54  Medivac x2  
  181  10:55  Marauder x2, Marine x5  
  181  10:56  Marauder  
  196  11:10  Marine  
  194  11:11  Marauder, Widow Mine  
  190  11:23  Supply Depot  
  190  11:24  Supply Depot x2  
  177  11:37  Marine x4  
  177  11:38  Marauder x3  
  187  11:44  Marine  
  187  11:45  Marauder, Widow Mine x2, Marine x3  
  197  11:54  Thor  
  196  11:55  Marine  
  196  11:57  Marine x3  
  196  11:59  Marauder x3  
  160  12:02  Marine x2  
  160  12:03  Marine x2  
  160  12:05  Medivac  
  160  12:06  Marauder, Widow Mine x2  
  155  12:11  Medivac  
  155  12:13  Marine  
  155  12:15  Marine x3  
  148  12:20  Marine x2  
  148  12:21  Marauder x3  
  148  12:22  Missile Turret x3  
  154  12:28  Marauder, Widow Mine x2  
  158  12:31  SCV x3  
  158  12:36  Medivac, Marine x4  
  158  12:37  Thor  
  165  12:38  Planetary Fortress  
  165  12:41  Medivac  
  165  12:42  Marauder x3  
  179  12:46  Marine  
  179  12:49  Marauder, Widow Mine  
  182  12:53  Sensor Tower  
  182  12:55  Marine x3  
  182  12:56  Hi-Sec Auto Tracking, Neosteel Armor  
  185  13:03  Marauder x3  
  189  13:08  Marine x4  
  189  13:10  Widow Mine  
  189  13:11  Marauder, Widow Mine  
  197  13:20  Widow Mine  
  199  13:29  Marine  
  200  13:35  Command Center  
  200  13:39  Command Center  
  198  13:55  Marauder x2, Marine  
  193  13:57  Marine x4  
  193  13:58  Marauder x2, Widow Mine x2  
  196  14:19  Marine x2  
  196  14:21  Marauder x2, Marine x2  
  196  14:24  Marauder, Marine x2  
  196  14:25  Marauder, Marine x2  
  181  14:35  Widow Mine x3  
  181  14:37  Marine x2  
  189  14:38  Marine x2  
  189  14:42  Marine  
  189  14:43  Marauder x2  
  196  14:47  Marauder x2  
  200  14:57  Marine x3  
  200  14:58  Marine x4  
  200  14:59  Widow Mine x2, Medivac  
  200  15:00  Marine  
  200  15:04  Marauder x2  
  200  15:06  Medivac  
  185  15:08  Marauder x2  
  172  15:15  Marine x3  
  172  15:16  Marine x4  
  172  15:18  Marine  
  151  15:21  Widow Mine x2  
  151  15:25  Marauder x2  
  140  15:29  Medivac  
  140  15:30  Marauder x2  
  140  15:32  Marine x2  
  140  15:33  Marine x3  
  140  15:34  Marine x2  
  143  15:36  Medivac, Marine  
  143  15:40  Orbital Command  
  143  15:42  Widow Mine x2  
  139  15:43  Widow Mine  
  139  15:47  Marauder x2  
  142  15:50  Marine x2  
  142  15:51  Marauder x2, Marine x2  
  113  15:59  Medivac, Marine x3  
  116  16:06  Medivac  
  116  16:08  Marauder x2  
  116  16:09  Planetary Fortress  
  122  16:12  Marauder x2, Widow Mine x3, Marine  
  122  16:13  Marine  
  134  16:20  Marine x3  
  137  16:29  Marauder x2, Medivac  
  137  16:31  Marine x4  
  137  16:32  Marine  
  147  16:34  Marauder x2  
  115  16:47  Marine x3  
  115  16:49  Marine x2  
  115  16:51  Marauder x2  
  120  16:55  Marauder x2  
  120  16:59  Marine x3  
  116  17:01  Widow Mine x3  
  116  17:02  Medivac x2  
  116  17:05  Marine  
  123  17:11  Orbital Command  
  123  17:12  Marauder x2  
  127  17:17  Marauder x2  
  127  17:21  Marine x6  
  137  17:32  Medivac x2  
  137  17:34  Marauder x2  
  137  17:35  Widow Mine  
  147  17:38  Marauder x2  
  149  17:44  Marine x5  
  149  17:50  Barracks Tech Lab  
  154  17:52  Widow Mine x2  
  154  17:55  Marauder x2  
  154  17:57  Widow Mine  
  164  17:59  Marauder x2  
  160  18:18  Marine x4  
  160  18:19  Viking x2  
  164  18:26  Widow Mine  
  164  18:27  Widow Mine x2  
  157  18:42  Orbital Command  
  157  18:46  Marine x8  
  152  18:49  Viking x2  
  152  18:52  Refinery  
  152  18:53  Refinery  
  154  19:02  Orbital Command  
  129  20:11  Supply Depot  
  129  20:12  Supply Depot x2  
  129  20:13  Supply Depot x2  
  128  20:32  Marine  
Show
View Real Time Build Order
Export as new Build Order

Scarlett Zerg - Winner!

Build Orders: Hatch First 

Get SALT Encoding   

  12  0:00  Drone  
  13  0:12  Overlord  
  13  0:17  Drone  
  14  0:30  Drone x2  
  16  0:47  Hatchery  
  15  0:51  Drone  
  15  0:54  Drone  
  17  0:58  Drone  
  18  1:08  Extractor  
  17  1:13  Spawning Pool  
  17  1:16  Drone  
  17  1:19  Drone  
  18  1:28  Drone  
  19  1:44  Drone  
  20  1:51  Drone  
  21  1:59  Queen x2  
  21  2:00  Zergling x2  
  21  2:01  Zergling x2  
  27  2:12  Drone  
  27  2:15  Overlord  
  28  2:22  Hatchery  
  27  2:24  Drone  
  28  2:31  Metabolic Boost  
  28  2:37  Drone x2  
  28  2:42  Drone  
  30  2:47  Queen  
  32  2:52  Overlord  
  32  2:57  Drone x2  
  34  3:12  Drone x6  
  40  3:18  Overlord  
  40  3:22  Queen  
  42  3:33  Queen  
  44  3:34  Drone x4  
  44  3:40  Drone x2  
  50  3:43  Overlord  
  50  3:48  Queen  
  50  3:51  Zergling x4  
  54  3:56  Drone x3  
  57  4:03  Drone  
  57  4:04  Drone x4  
  57  4:06  Zergling x2  
  63  4:15  Overlord  
  63  4:23  Overlord x2  
  63  4:26  Baneling Nest  
  63  4:29  Overlord x2  
  63  4:30  Drone x4  
  66  4:39  Overlord  
  66  4:41  Queen  
  67  4:45  Zergling x2  
  67  4:46  Zergling x8  
  67  4:48  Queen  
  74  4:59  Extractor  
  73  5:00  Extractor  
  73  5:01  Lair  
  73  5:03  Drone x7  
  73  5:04  Spore Crawler  
  73  5:06  Spore Crawler x2  
  76  5:11  Baneling x5  
  76  5:13  Drone x4  
  80  5:26  Overlord  
  80  5:31  Drone x5  
  83  5:37  Extractor  
  83  5:41  Extractor x2  
  80  5:49  Hatchery  
  76  5:51  Queen  
  76  5:52  Drone x4  
  76  5:56  Drone x10  
  91  6:08  Centrifugal Hooks  
  91  6:10  Spire  
  91  6:11  Overlord x2  
  90  6:27  Overlord x2  
  90  6:34  Drone x2  
  90  6:36  Drone x7  
  90  6:37  Evolution Chamber x2  
  97  6:40  Zergling x2  
  98  6:47  Zergling x2  
  98  6:48  Zergling x6  
  98  6:52  Drone x2  
  104  7:00  Zergling x8  
  108  7:03  Zergling x4  
  108  7:06  Hatchery  
  108  7:08  Zerg Ground Armor Level 1, Zerg Melee Weapons Level 1  
  109  7:09  Zergling x2  
  109  7:10  Zergling x8  
  112  7:27  Mutalisk x8  
  126  7:30  Mutalisk  
  126  7:31  Mutalisk  
  129  7:37  Mutalisk x2  
  129  7:39  Zergling x6  
  136  7:44  Drone  
  136  7:45  Drone x4  
  136  7:49  Zerg Flyer Weapons Level 1  
  141  7:55  Overlord x4  
  141  7:58  Baneling x12  
  141  8:02  Hatchery  
  140  8:08  Zergling x14  
  143  8:12  Overlord  
  143  8:18  Baneling x13  
  143  8:19  Zergling x8  
  145  8:31  Drone x11  
  156  8:38  Pneumatized Carapace, Overseer  
  156  8:42  Drone  
  157  8:56  Extractor  
  157  8:57  Drone x3, Spore Crawler  
  157  8:58  Drone x3, Extractor  
  157  9:00  Drone x2  
  157  9:01  Drone x2, Extractor  
  157  9:02  Drone x2  
  165  9:03  Drone x2, Extractor  
  166  9:12  Zerg Ground Armor Level 2, Zerg Melee Weapons Level 2  
  166  9:13  Mutalisk x2  
  166  9:15  Infestation Pit, Zergling x30  
  184  9:22  Zergling x4  
  184  9:25  Overseer  
  184  9:27  Baneling x6  
  184  9:28  Zergling x14  
  191  9:33  Drone x4  
  195  9:40  Overlord x2  
  189  9:55  Zergling x16  
  189  9:59  Baneling x11  
  170  10:10  Zergling x44  
  182  10:17  Hive  
  182  10:18  Zerg Flyer Armor Level 1, Mutalisk x3  
  185  10:21  Mutalisk x3  
  191  10:31  Zergling x2  
  191  10:32  Zergling x16  
  191  10:35  Baneling x9  
  200  11:01  Baneling x11  
  200  11:02  Baneling x7  
  189  11:19  Zergling x22  
  185  11:30  Zergling x2  
  185  11:31  Zergling x28  
  199  11:40  Zerg Melee Weapons Level 3, Zerg Ground Armor Level 3  
  199  11:41  Adrenal Glands  
  199  11:42  Ultralisk Cavern  
  199  11:45  Baneling x12  
  189  11:59  Zergling x50  
  177  12:25  Hatchery  
  176  12:36  Chitinous Plating  
  176  12:38  Zerg Flyer Weapons Level 2  
  176  12:39  Mutalisk  
  176  12:40  Ultralisk  
  176  12:41  Ultralisk x2  
  194  12:53  Extractor  
  194  12:57  Extractor  
  191  13:14  Baneling x5  
  191  13:15  Baneling x4  
  191  13:16  Baneling x16  
  191  13:17  Baneling  
  191  13:27  Baneling x3  
  191  13:30  Overlord x2  
  191  13:40  Overseer  
  190  13:45  Hatchery  
  186  13:54  Anabolic Synthesis  
  177  13:59  Ultralisk x4, Zergling x2  
  177  14:00  Zergling x2  
  197  14:10  Zergling x6  
  173  14:29  Ultralisk x6, Zergling x30  
  173  14:31  Zergling x20  
  199  14:37  Baneling x6  
  199  14:40  Zergling x2  
  200  14:47  Overseer x2  
  200  14:49  Baneling x15  
  168  15:07  Zergling x22  
  168  15:08  Zergling x20  
  178  15:16  Ultralisk x5  
  191  15:24  Corruptor x9  
  199  15:33  Zergling x14  
  200  15:41  Greater Spire  
  187  15:45  Extractor  
  166  16:00  Drone x2  
  166  16:01  Drone  
  159  16:09  Baneling x14  
  159  16:10  Zergling x38  
  159  16:11  Zergling x18  
  187  16:15  Extractor  
  186  16:28  Zergling x12  
  186  16:29  Zergling x10  
  186  16:32  Overseer x2  
  156  16:50  Zergling x16  
  156  16:51  Zergling x22  
  170  16:57  Zergling x16  
  165  17:14  Brood Lord x7  
  179  17:18  Baneling  
  179  17:21  Baneling x9  
  179  17:33  Brood Lord x2  
  183  17:46  Corruptor x5  
  183  17:50  Baneling  
  183  17:51  Baneling x13  
  193  18:00  Hatchery  
  193  18:05  Baneling x8  
  191  18:17  Overlord x2  
  191  18:31  Baneling  
  191  18:32  Baneling x10  
  187  18:40  Zergling x32  
  185  18:57  Ultralisk, Zergling x16  
  185  18:58  Baneling  
  185  18:59  Baneling x13  
  185  19:01  Overseer  
  180  19:20  Ultralisk x2  
  180  19:21  Baneling x12  
  180  19:22  Corruptor x2  
  190  19:29  Hatchery  
  171  19:53  Hatchery  
  170  20:10  Zergling x38  

Tags
 
Add a new tag
Caveats
  • Supply blocks, unpowered buildings, or Contaminate may cause inaccurate times.
  • Supply counts are checked every 10 seconds.